 Dungeon Crawl Stone Soup version 0.29-a0-1052-g6990b1bffc (webtiles) character file.

Game seed: 8742101341847608435

205 Zonian the Chiller (level 5, -3/24 HPs)
             Began as a Vine Stalker Ice Elementalist on Aug 18, 2022.
             Was a Follower of Uskayaw.
             Slain by Pikel
             ... wielding a +2 whip of freezing
              (9 damage)
             ... on level 4 of the Dungeon.
             The game lasted 00:08:27 (5777 turns).

Zonian the Chiller (Vine Stalker Ice Elementalist)  Turns: 5777, Time: 00:08:28

Health: -3/24      AC:  2    Str: 10    XL:     5   Next: 83%
Magic:  0/11       EV: 12    Int: 17    God:    Uskayaw [*.....]
Gold:   200        SH:  0    Dex: 15    Spells: 10/11 levels left

rFire   . . .      SeeInvis .   d - +0 hand axe (spect)
rCold   . . .      Faith    .   (no shield)
rNeg    . . .      Spirit   +   a - +0 robe
rPois   .          Reflect  .   (no helmet)
rElec   .          Harm     .   (no cloak)
rCorr   .          Rampage  .   (no gloves)
Will    .....                   (no boots)
Stlth   +++.......              (no amulet)
HPRegen 0.88/turn               (no ring)
MPRegen 0.12/turn               (no ring)

@: no status effects
A: fangs 2, regeneration 1, magic shield, antimagic bite, no potion heal 2
a: Renounce Religion, Stomp


You were on level 4 of the Dungeon.
You worshipped Uskayaw.
Uskayaw was noncommittal.
You visited 1 branch of the dungeon, and saw 4 of its levels.

You collected 200 gold pieces.

Inventory:

Hand Weapons
 d - a +0 spectral hand axe (weapon)
Missiles
 h - 2 boomerangs
Armour
 a - a +0 robe (worn)
Jewellery
 b - a ring of magical power
Scrolls
 c - a scroll of noise {unknown}
Potions
 e - a potion of haste {unknown}
 i - 2 potions of attraction


   Skills:
 - Level 2.3 Dodging
 + Level 4.4 Stealth
 + Level 3.6 Spellcasting
 + Level 4.9 Ice Magic


You had 10 spell levels left.
You knew the following spells:

 Your Spells              Type           Power      Damage    Failure   Level
a - Freeze                Ice            80%        1d9       2%          1

Your spell library contained the following spells:

 Spells                   Type           Power      Damage    Failure   Level
 Frozen Ramparts          Ice            40%        1d7       6%          3
 Ozocubu's Armour         Ice            20%        N/A       6%          3
 Apportation              Tloc           6%         N/A       17%         1
 Hailstorm                Conj/Ice       11%        3d5       52%         4
 Alistair's Intoxication  Tmut/Pois      2%         N/A       99%         5


Dungeon Overview and Level Annotations

Branches:
Dungeon (4/15)             Temple (0/1) D:4

Altars:
Ashenzari
Elyvilon
Fedhas
Makhleb
Nemelex Xobeh
Okawaru
Uskayaw
Vehumet

Shops:
D:3 [

Annotations:
D:4 Pikel


Innate Abilities, Weirdness & Mutations

You have extremely sharp teeth.
Your natural rate of healing is unusually fast.
When hurt, damage is shared between your health and your magic reserves.
Your bite disrupts and absorbs the magic of your enemies.
Potions cannot restore your health.


Message History

Aim: Pikel, wielding a +2 whip of freezing and wearing a +1 robe of fire resistance (50% to hit)
You throw a boomerang. The boomerang misses Pikel.
Unknown command.
Throw: 2 boomerangs
Press: ? - help, Shift-Dir - straight line, f/p - Pikel
Aim: Pikel, wielding a +2 whip of freezing and wearing a +1 robe of fire resistance (50% to hit)
You throw a boomerang. The boomerang closely misses Pikel.
Pikel hits you with a +2 whip of freezing.
Pikel freezes you.
You barely miss Pikel.
Pikel hits you with a +2 whip of freezing.
Pikel freezes you.
Unknown command.
Pikel attacks as you move away! Pikel barely misses you.
Unknown command.
You barely miss Pikel.
The lemure shouts! x2
You bite Pikel, but do no damage.
Your +0 spectral hand axe hits Pikel.
Pikel closely misses you.
Unknown command.
You closely miss Pikel. Your bite misses Pikel.
Pikel is lightly wounded.
Your +0 spectral hand axe misses Pikel.
Pikel hits you with a +2 whip of freezing!
Pikel freezes you.
Unknown command.
You closely miss Pikel.
Pikel is lightly wounded.
Your +0 spectral hand axe hits Pikel.
Pikel hits you with a +2 whip of freezing.
Pikel freezes you.
Pikel hits you with a +2 whip of freezing!
* * * LOW HITPOINT WARNING * * *
Pikel freezes you.
* * * LOW HITPOINT WARNING * * *
You slash Pikel!
Pikel is moderately wounded.
Your +0 spectral hand axe hits Pikel.
Pikel hits you with a +2 whip of freezing!
You die...

#[##..⌠...⌠..####.## #.
#..#.........####.# #.
#.......>.......#.# #.
#.##.........##..+## ##
#.##..⌠...⌠..###...##
#...................##
#..#.........#.......##
#######.##(##.##........###
#.........@K55'5........'..
########...####.........##.
##.## ##...5...#... #.#
##.....##._. #.#
##....#.... #.# ##'#......
#.# #.##..... #># #.####._.
#.#########.## #...


You could see Pikel, 3 lemures and a friendly +0 spectral hand axe (summoned).

Vanquished Creatures
  A lemure (D:4)
  A scorpion (D:4)
  Terence (D:2)
  4 adders (D:3)
  2 worms (D:2)
  2 dart slugs (D:2)
  2 orcs (D:3)
  9 endoplasms
  4 giant cockroaches
  7 goblins
  5 hobgoblins
  10 jackals
  5 kobolds
  A quokka (D:2)
  8 ball pythons
  3 bats
  4 frilled lizards
  2 rats
71 creatures vanquished.

Notes
Turn   | Place    | Note
-------+----------+-------------------------------------------
     0 | D:1      | Zonian the Vine Stalker Ice Elementalist began the quest
                  | for the Orb.
     0 | D:1      | Reached XP level 1. HP: 9/9 MP: 4/4
   282 | D:1      | Found a faded altar of an unknown god.
   289 | D:1      | Prayed at the altar of an unknown god.
   289 | D:1      | Became a worshipper of Uskayaw the Reveller
   289 | D:1      | Reached * piety under Uskayaw
   934 | D:2      | Reached ** piety under Uskayaw
   935 | D:2      | Reached XP level 2. HP: 3/13 MP: 3/6
  1834 | D:2      | Reached XP level 3. HP: 13/16 MP: 5/7
  2402 | D:2      | Found an iron altar of Okawaru.
  2611 | D:2      | Noticed Terence
  2635 | D:2      | Killed Terence
  2636 | D:2      | Gained mutation: Your natural rate of healing is unusually
                  | fast. [Vine Stalker growth]
  2636 | D:2      | Reached XP level 4. HP: 2/21 MP: 0/9
  3970 | D:3      | Reached XP level 5. HP: 23/24 MP: 5/10
  4063 | D:3      | Found Inytikuu's Armour Shop.
  4387 | D:3      | You fall into a shaft and drop 1 floor!
  4431 | D:4      | Noticed a black bear
  4453 | D:4      | Found a staircase to the Ecumenical Temple.
  4453 | D:4      | Noticed Pikel
  4453 | D:4      | Noticed a lemure
  4453 | D:4      | Noticed a lemure
  4453 | D:4      | Noticed a lemure
  4453 | D:4      | Noticed a lemure
  4472 | D:4      | Killed a lemure
  4489 | D:4      | Found a broken altar of Ashenzari.
  4490 | D:4      | Found a blossoming altar of Fedhas.
  4492 | D:4      | Found a burning altar of Makhleb.
  4492 | D:4      | Found a sparkling altar of Nemelex Xobeh.
  4493 | D:4      | Found a radiant altar of Vehumet.
  4493 | D:4      | Found an iron altar of Okawaru.
  4493 | D:4      | Found a white marble altar of Elyvilon.
  5777 | D:4      | Slain by Pikel

Illustrated notes

Levels and vault maps discovered:
D:1:      amcnicky_arrival_choice, layout_loops_ring,
          chequers_ecumenical_altar_simple, serial_aquarium,
          aquarium_bridge_long_separate [aquarium_subvault_bridge,
          aquarium_subvault_window, aquarium_subvault_bridge,
          aquarium_subvault_bridge, aquarium_subvault_bridge,
          aquarium_subvault_window], aquarium_bridge_square
          [aquarium_subvault_wall, aquarium_subvault_wall,
          aquarium_subvault_bridge, aquarium_subvault_window],
          aquarium_window_3, aquarium_window_1, aquarium_window_corner,
          aquarium_window_1, aquarium_view_2e, aquarium_view_2e,
          aquarium_balcony_5b
D:2:      layout_basic, basic_altar, chequers_serial_rivers_large_a,
          minmay_statues_item, uniq_terence
D:3:      layout_loops_corners, serial_shops, shop,
          chequers_serial_rivers_large_b, minmay_misc_feat_four_crosses
D:4:      layout_loops_corners, grunt_temple_overflow_open,
          minmay_temple_entry_large_hall, minivault_27, patterned_corridor,
          uniq_pikel

Skill      XL: |  1  2  3  4  5 |
---------------+----------------+-----
Stealth        | 3 4 |  4.4
Dodging        | 2 |  2.3
Spellcasting   | 3 |  3.6
Ice Magic      | |  4.9

Action                   |  1- 3 |  4- 6 || total
-------------------------+-------+-------++-------
Melee: Hand axe          |    45 |    79 ||   124
       Bite              |    10 |    18 ||    28
       Punch             |       |     1 ||     1
Throw: Boomerang         |       |     2 ||     2
       Throwing net      |       |     1 ||     1
 Cast: Freeze            |    27 |    28 ||    55
  Use: Potion            |     1 |       ||     1
       Scroll            |       |     6 ||     6
 Stab: Sleeping          |     1 |     7 ||     8
       Distracted        |       |     1 ||     1
Armor: Robe              |    12 |    16 ||    28
Dodge: Dodged            |    63 |    60 ||   123

Table legend: (Time is in decaauts)
 A = Elapsed time spent in this place.
 B = Non-inter-level travel time spent in this place.
 C = Inter-level travel time spent in this place.
 D = Time resting spent in this place.
 E = Time spent auto-exploring this place.
 F = Levels seen in this place.
 G = Mean time per level.
                   A        B        C        D        E       F      G
               +--------+--------+--------+--------+--------+-----+--------+
         Total |   5861 |   5659 |    202 |   1627 |   3192 |   4 | 1465.2 |
       Dungeon |   5861 |   5659 |    202 |   1627 |   3192 |   4 | 1465.2 |
               +--------+--------+--------+--------+--------+-----+--------+

Top non-repeatable levels by time:
     D:2: 2516 daAuts
     D:3: 1527 daAuts
     D:4: 928 daAuts
     D:1: 888 daAuts
